 Dungeon Crawl Stone Soup version 0.30-b1-2-g02819fbbbe (webtiles) character file.

Game seed: 5617787440572726160

77278 sanka the Brawler (level 15, 132/150 HPs)
             Began as a Troll Monk on May 5, 2023.
             Was an Elder of Okawaru.
             Quit the game on level 15 of the Dungeon.
             The game lasted 00:32:47 (14676 turns).

sanka the Brawler (Troll Monk)                     Turns: 14676, Time: 00:32:47

Health: 132/150    AC: 27    Str: 25    XL:     15   Next: 14%
Magic:  17/17      EV: 17    Int:  6    God:    Okawaru [****..]
Gold:   1188       SH: 18    Dex: 14    Spells: 14/14 levels left

rFire   . .          .
                       - Unarmed
rCold   . . .        V - +1 kite shield {reflect}
rNeg    + . .        L - +10 pearl dragon scales of Naem {+Blink rN+ rCorr Str-2 Slay+6}
rPois   .            a - +2 hat
rElec   .            S - +0 cloak
rCorr   +            (gloves unavailable)
SInv    +            (boots unavailable)
Will    +....        E - amulet of reflection
Stlth   +            g - ring of see invisible
HPRegen 1.25/turn    M - +5 ring of evasion
MPRegen 0.15/turn

%: reflection
@: heroic
A: large, unfitting armour, claws 3, regeneration 1, shaggy fur 1, tough skin 1
a: Renounce Religion, Evoke Blink, Heroism, Finesse


You were on level 15 of the Dungeon.
You worshipped Okawaru.
Okawaru was greatly pleased with you.
You visited 2 branches of the dungeon, and saw 16 of its levels.
You also visited: Sewer and Bailey.

You collected 1188 gold pieces.

Inventory:

Hand Weapons
 b - a +7 scimitar of flaming
Missiles
 c - a throwing net {=f}
 O - 27 large rocks {=f}
Armour
 a - a +2 hat (worn)
 H - +0 steam dragon scales
 L - the +10 pearl dragon scales of Naem (worn) {+Blink rN+ rCorr Str-2 Slay+6}
   (Okawaru gifted it to you on level 15 of the Dungeon)

   Str:       It affects your strength (-2).
   Slay:      It affects your accuracy & damage with ranged weapons and melee
   (+6).
   rN:        It protects you from negative energy.
   +Blink:    It lets you blink.
   rCorr:     It protects you from acid and corrosion.
 Q - a +2 robe of cold resistance
 S - a +0 cloak (worn)
 V - a +1 kite shield of reflection (worn)
Jewellery
 g - a ring of see invisible (left claw)
 o - an amulet of magic regeneration
 r - a ring of poison resistance
 x - an amulet of faith
 A - a ring of fire
 D - an amulet of the acrobat
 E - an amulet of reflection (around neck)
 M - a +5 ring of evasion (right claw)
 R - a ring of wizardry
Wands
 q - a wand of acid (5)
 G - a wand of flame (9)
 P - a wand of digging (4)
 U - a wand of iceblast (6)
Scrolls
 e - 6 scrolls of teleportation {@r4}
 f - 8 scrolls of poison {!r}
 i - 3 scrolls of noise {!r}
 k - 3 scrolls of fear
 m - 6 scrolls of immolation {!r}
 p - a scroll of acquirement
 y - a scroll of amnesia
 z - a scroll of blinking
 F - a scroll of fog
 K - a scroll of enchant armour {unknown}
 N - a scroll of vulnerability {unknown}
 T - a scroll of torment {unknown}
 X - a scroll of magic mapping {unknown}
Potions
 d - 6 potions of heal wounds {@q2}
 h - 3 potions of degeneration {unknown}
 j - 3 potions of brilliance {unknown}
 l - 7 potions of might
 n - 2 potions of attraction {unknown}
 s - 4 potions of cancellation {unknown}
 t - a potion of haste {@q3}
 u - 4 potions of magic
 v - a potion of ambrosia
 w - 3 potions of mutation {unknown}
 B - 6 potions of curing {@q1}
 C - 3 potions of flight {unknown}
 J - a potion of invisibility
 W - a potion of berserk rage {unknown}


   Skills:
 + Level 10.3(15.3) Fighting
 + Level 1.0(6.0) Armour
 - Level 8.0(13.0) Dodging
 + Level 6.3(11.3) Shields
 * Level 20.4(25.4) Unarmed Combat
 - Level 5.0 Invocations


You had 14 spell levels left.
You didn't know any spells.
Your spell library contained the following spells:

 Spells                   Type           Power      Damage    Failure   Level
 Apportation              Tloc           0%         N/A       91%         1
 Freeze                   Ice            0%         1d3       91%         1
 Magic Dart               Conj           0%         1d3       91%         1
 Necrotise                Necr           0%         1d4       91%         1
 Blink                    Tloc           0%         N/A       97%         2
 Poisonous Vapours        Pois/Air       0%         N/A       97%         2
 Searing Ray              Conj           0%         2d4       97%         2
 Sublimation of Blood     Necr           0%         N/A       97%         2
 Dazzling Flash           Conj/Hex       0%         N/A       99%         3
 Frozen Ramparts          Ice            0%         1d1       99%         3
 Hailstorm                Conj/Ice       0%         3d3       99%         3
 Inner Flame              Hex/Fire       0%         N/A       99%         3
 Vampiric Draining        Necr           0%         2d6       99%         3
 Volatile Blastmotes      Fire/Tloc      0%         2d10      99%         3
 Flame Wave               Conj/Fire      0%         2d4       100%        4
 Fulminant Prism          Conj/Hex       0%         3d5       100%        4
 Iskenderun's Mystic Bla  Conj/Tloc      0%         2d3       100%        4
 Petrify                  Tmut/Erth      0%         N/A       100%        4
 Sticky Flame             Conj/Fire      0%         2d3       100%        4
 Agony                    Necr           0%         N/A       100%        5
 Alistair's Intoxication  Tmut/Pois      0%         N/A       100%        5
 Irradiate                Conj/Tmut      0%         3d11      100%        5
 Starburst                Conj/Fire      0%         6d3       100%        6
 Orb of Destruction       Conj           0%         9d5       100%        7
 Summon Guardian Golem    Hex/Summ       Unusable   N/A       N/A         3
 Summon Lightning Spire   Summ/Air       Unusable   N/A       N/A         4
 Spellforged Servitor     Conj/Summ      Unusable   N/A       N/A         7

Dungeon Overview and Level Annotations

Branches:
Dungeon (15/15)            Temple (1/1) D:4            Lair (0/5) D:10
    Orc (0/2) D:9          Vaults (0/5) D:13         Depths (0/4) D:15
  Sewer (visited)          Bailey (visited)

Altars:
Ashenzari
Cheibriados
Elyvilon
Fedhas
Gozag
Hepliaklqana
Kikubaaqudgha
Makhleb
Nemelex Xobeh
Okawaru
Qazlal
Ru
Sif Muna
Trog
Uskayaw
Vehumet
Wu Jian
Xom
Yredelemnul
Zin
The Shining One

Shops:
D:9 [

Portals:
Trove: D:14 (give +3 shadow dragon scales)

Annotations:
D:6 3 runed translucent doors, Clive's ghost, novice MiFi
D:12 1 runed translucent door, diceflayer's ghost, novice DsHu


Innate Abilities, Weirdness & Mutations

You are too large for most types of armour.
You have claws for hands.
Your natural rate of healing is unusually fast.
You are covered in fur. (AC +1)
You have tough skin. (AC +1)


Message History

The meliai is almost dead.
The meliai drinks a potion.
The meliai is healed!
You block the meliai's attack. The meliai closely misses you.
A meliai comes into view. It is wielding a +0 hand axe.
Unknown command.
The meliai buzzes angrily.
You claw the meliai!
The meliai is severely wounded.
The meliai drinks a potion.
The meliai is healed!
The meliai mumbles some strange prayers to its god against you.
Something smites you!
A meliai comes into view. It is wielding a +0 war axe.
You gain the combat prowess of a mighty hero.
The meliai hits you but does no damage.
You writhe in agony.
The meliai stings you but does no damage.
The meliai calls down the wrath of its god upon you.
Something smites you! You block the meliai's attack. x2
The meliai buzzes angrily.
You eviscerate the meliai!!!
You kill the meliai!
Okawaru accepts your kill.
You eviscerate the meliai!!!
You kill the meliai!
Okawaru accepts your kill.
You mangle the meliai!!
You kill the meliai!
Okawaru accepts your kill.
Your base Armour skill increases to level 1!
Items here: )) [[ ††.
Unknown command.
Save game and exit?
Okay, then.
You start resting.
Magic restored.
Save game and exit?
Welcome back, sanka the Troll Monk.
Okawaru says: Bring me glory in combat!
Press ? for a list of commands and other information.
Unknown command.
Are you sure you want to abandon this character and quit the game? (Confirm with "yes".)

........##(......### #.# #.#
###.##..##########.## #.# #.#
##...#..# #..#..###.# #.#
#.......#.#####.###<....####.####
.................#..##...........
<......##.######...###.#####.####
.....<.##.######..(###.......#
............(.....)))).#######
##.....#########@..###.#
#.............$...####.#
##....)####............#
##.#).####.#####.######
###.......# #.# #)######### #.#
#.......... ..# ###############


There were no monsters in sight!

Vanquished Creatures
  Frances (D:12)
  Louise (D:15)
  An orc warlord (Bailey)
  A great orb of eyes (D:15)
  Fannar (D:11)
  3 rakshasas (D:15)
  A hydra (D:14)
  An ogre mage (D:15)
  4 centaur warriors
  10 two-headed ogres
  A death knight (D:13)
  3 boulder beetles
  Urug (D:10)
  An orc knight (Bailey)
  A necromancer (D:12)
  3 deep elf pyromancers
  16 ugly things
  A manticore (D:14)
  6 cyclopes
  6 centaur zombies (D:12)
  Maggie (D:7)
  5 gargoyles
  10 centaur skeletons (D:12)
  An unseen horror (D:11)
  3 freezing wraiths (D:13)
  2 komodo dragons
  A rime drake (D:10)
  2 efreet
  A yaktaur (D:15)
  5 trolls
  2 polar bears (D:10)
  3 meliai (D:15)
  Grinder (D:5)
  A hornet (D:7)
  A dream sheep (shapeshifter) (D:15)
  A meliai zombie (D:12)
  26 slime creatures
  3 vampires
  8 wraiths
  A culicivora (shapeshifter) (D:14)
  4 flying skulls (D:12)
  6 shadows
  A spriggan (D:8)
  18 yaks
  2 basilisks
  A steam dragon (D:7)
  Grum (D:9)
  Edmund (D:6)
  2 acid dragons
  7 orc warriors
  3 sky beasts
  2 black bears (D:6)
  5 ice beasts
  6 ogres
  5 boggarts (D:14)
  6 wolves
  6 centaurs
  A bullfrog (D:8)
  5 kobold brigands
  3 gnoll sergeants
  18 wights
  A troll zombie (D:9)
  12 killer bees
  4 howler monkeys
  2 jellies
  5 orc priests
  4 hounds
  5 iguanas
  7 orc wizards
  A boggart skeleton (D:12)
  5 ogre zombies (D:9)
  21 gnolls
  8 adders
  2 river rats (D:3)
  2 white imps (D:7)
  An ufetubus (D:6)
  2 worms (D:3)
  2 dart slugs
  36 orcs
  10 ball pythons
  3 endoplasms
  6 giant cockroaches
  8 goblins
  5 hobgoblins
  A jackal (D:7)
  42 kobolds
  A quokka (D:3)
  5 bats
  2 frilled lizards
  2 goblin skeletons (D:9)
  3 goblin zombies (D:9)
  A hobgoblin skeleton (D:9)
  4 orc skeletons (D:9)
  9 orc zombies (D:9)
  5 rats
471 creatures vanquished.

Vanquished Creatures (others)
  11 fungi
  10 plants
21 creatures vanquished.

Grand Total: 492 creatures vanquished

Notes
Turn   | Place    | Note
-------+----------+-------------------------------------------
     0 | D:1      | sanka the Troll Monk began the quest for the Orb.
     0 | D:1      | Reached XP level 1. HP: 22/22 MP: 0/0
     4 | D:1      | Noticed a six-headed hydra
    13 | D:1      | Noticed an anaconda
   397 | D:1      | Reached XP level 2. HP: 29/29 MP: 1/1
   911 | D:2      | Reached skill level 4 in Unarmed Combat
  1174 | D:2      | Reached XP level 3. HP: 36/36 MP: 2/2
  1367 | D:3      | Reached skill level 5 in Unarmed Combat
  1367 | D:3      | Reached XP level 4. HP: 27/44 MP: 3/3
  1514 | D:3      | Reached XP level 5. HP: 33/50 MP: 4/4
  1548 | D:3      | Reached skill level 6 in Unarmed Combat
  1579 | D:3      | Found a glowing drain.
  1587 | Sewer    | Entered a sewer
  1652 | Sewer    | Reached skill level 7 in Unarmed Combat
  1652 | Sewer    | Reached XP level 6. HP: 43/59 MP: 5/5
  1986 | D:3      | Found an ornate altar of the Wu Jian Council.
  2274 | D:4      | Found a staircase to the Ecumenical Temple.
  2358 | Temple   | Entered the Ecumenical Temple
  2400 | Temple   | Became a worshipper of Warmaster Okawaru
  2400 | Temple   | Reached * piety under Okawaru
  2400 | Temple   | Reached ** piety under Okawaru
  2422 | D:4      | Reached skill level 1 in Invocations
  2464 | D:4      | Reached XP level 7. HP: 58/66 MP: 5/7
  2616 | D:4      | Reached skill level 8 in Unarmed Combat
  3024 | D:5      | Entered Level 5 of the Dungeon
  3143 | D:5      | Reached *** piety under Okawaru
  3146 | D:5      | HP: 3/66 [orc/+0 morningstar (8)]
  3290 | D:5      | Reached XP level 8. HP: 74/74 MP: 9/9
  3309 | D:5      | Noticed Grinder
  3316 | D:5      | Killed Grinder
  3317 | D:5      | Reached skill level 9 in Unarmed Combat
  3836 | D:6      | Found a sparkling altar of Nemelex Xobeh.
  3863 | D:6      | Found a radiant altar of Vehumet.
  4026 | D:6      | Reached skill level 5 in Invocations
  4074 | D:6      | Found a broken altar of Ashenzari.
  4185 | D:6      | Noticed Edmund
  4191 | D:6      | Killed Edmund
  4224 | D:6      | Reached skill level 10 in Unarmed Combat
  4439 | D:6      | Reached **** piety under Okawaru
  4451 | D:6      | Reached XP level 9. HP: 27/78 MP: 8/11
  4520 | D:6      | Found a runed translucent gate.
  4520 | D:6      | Found a runed translucent gate.
  4521 | D:6      | Found a runed translucent gate.
  4523 | D:6      | Noticed a kobold demonologist
  4537 | D:6      | Noticed Clive's ghost (novice MiFi)
  4803 | D:7      | Reached skill level 5 in Fighting
  5146 | D:7      | Found a sacrificial altar of Ru.
  5322 | D:7      | Reached ***** piety under Okawaru
  5555 | D:7      | Got the Octavo of Electric Locality
  5630 | D:7      | Noticed Maggie
  5644 | D:7      | Killed Maggie
  5645 | D:7      | Reached skill level 5 in Dodging
  6156 | D:7      | Reached XP level 10. HP: 82/100 MP: 12/12
  6360 | D:7      | Identified the -2 hat of Dust Devil {rN++} (Okawaru gifted
                  | it to you on level 7 of the Dungeon)
  6360 | D:7      | Received a gift from Okawaru
  6467 | D:8      | Identified a scroll of acquirement
  6510 | D:8      | Found a bloodstained altar of Trog.
  6600 | D:8      | Found a flagged portal.
  6616 | Bailey   | Entered a bailey
  6646 | Bailey   | Noticed an orc warlord
  6758 | Bailey   | Found a runed translucent gate.
  6759 | Bailey   | Found a runed translucent gate.
  6761 | Bailey   | Found a runed translucent gate.
  6768 | Bailey   | Noticed an orc knight
  6794 | Bailey   | Killed an orc knight
  6945 | Bailey   | Killed an orc warlord
  7022 | Bailey   | Reached skill level 13 in Unarmed Combat
  7022 | Bailey   | Reached XP level 11. HP: 111/111 MP: 13/13
  7023 | Bailey   | Reached skill level 15 in Unarmed Combat
  7023 | Bailey   | Reached XP level 12. HP: 119/119 MP: 14/14
  7095 | D:8      | Found an opulent altar of Gozag.
  7417 | D:9      | Noticed Grum
  7425 | D:9      | Killed Grum
  7549 | D:9      | Found a staircase to the Orcish Mines.
  7588 | D:9      | Reached XP level 13. HP: 127/127 MP: 15/15
  7663 | D:9      | Found Docirhut's Armour Boutique.
  7897 | D:9      | Reached skill level 16 in Unarmed Combat
  7970 | D:9      | Found a glowing silver altar of Zin.
  8304 | D:10     | Entered Level 10 of the Dungeon
  8430 | D:10     | Found a glowing golden altar of the Shining One.
  8615 | D:10     | Noticed Urug
  8632 | D:10     | Killed Urug
  8633 | D:10     | Reached skill level 17 in Unarmed Combat
  8717 | D:10     | Found a staircase to the Lair.
  9406 | D:11     | Noticed Fannar
  9410 | D:11     | Killed Fannar
  9422 | D:11     | Found the +6 shillelagh "Devastator" {shatter}
  9439 | D:11     | Received a gift from Okawaru
  9439 | D:11     | Reached ****** piety under Okawaru
  9625 | D:11     | Reached skill level 18 in Unarmed Combat
 10138 | D:12     | Found a blossoming altar of Fedhas.
 10521 | D:12     | Received a gift from Okawaru
 10535 | D:12     | You fall into a shaft and drop 1 floor!
 10594 | D:13     | Reached skill level 1 in Shields
 10836 | D:12     | Reached XP level 14. HP: 136/137 MP: 16/16
 11035 | D:12     | Reached skill level 19 in Unarmed Combat
 11125 | D:12     | Found a runed translucent door.
 11126 | D:12     | Noticed a fire giant
 11126 | D:12     | Noticed diceflayer's ghost (novice DsHu)
 11161 | D:12     | Noticed Frances
 11179 | D:12     | Killed Frances
 11584 | D:12     | Received a gift from Okawaru
 12264 | D:13     | Found a gate to the Vaults.
 12420 | D:14     | Identified the +0 eveningstar of Xavodd {distort, *Noise
                  | rC+ rN++ Stlth+} (Okawaru gifted it to you on level 14 of
                  | the Dungeon)
 12420 | D:14     | Received a gift from Okawaru
 12523 | D:14     | Identified the +3 leather armour of the Arena {Str+3}
 12604 | D:14     | Reached skill level 5 in Shields
 13309 | D:14     | Found a portal to a secret trove of treasure.
 13427 | D:14     | Found a glowing silver altar of Zin.
 13427 | D:14     | Found a white marble altar of Elyvilon.
 13427 | D:14     | Found a glowing golden altar of the Shining One.
 13471 | D:15     | Entered Level 15 of the Dungeon
 13483 | D:15     | Received a gift from Okawaru
 13490 | D:15     | Reached skill level 10 in Fighting
 13553 | D:15     | Reached skill level 20 in Unarmed Combat
 13562 | D:15     | Received a gift from Okawaru
 13685 | D:15     | Found an ornate altar of the Wu Jian Council.
 13702 | D:15     | Noticed Louise
 13715 | D:15     | Killed Louise
 13950 | D:15     | Reached XP level 15. HP: 146/149 MP: 12/17
 14087 | D:15     | Found a staircase to the Depths.
 14218 | D:15     | Identified the +10 pearl dragon scales of Naem {+Blink rN+
                  | rCorr Str-2 Slay+6} (Okawaru gifted it to you on level 15
                  | of the Dungeon)
 14218 | D:15     | Received a gift from Okawaru
 14666 | D:15     | Reached skill level 1 in Armour
 14676 | D:15     | Quit the game

Illustrated notes

Levels and vault maps discovered:
D:1:      sevenhm_arrival_forest_fort_small_2, layout_loops_corners,
          minmay_pentomino_s2
D:2:      layout_basic
D:3:      layout_rooms, old_standard_altar, lightli_sewer_entry_pipes,
          serial_bayou_pond_a
D:4:      layout_basic, minmay_temple_entry_ruins
D:5:      layout_loops_cross, uniq_grinder
D:6:      layout_loops_ring, mainiacjoe_overflow_two_lobes,
          ashenzari_conservatory_becter, gammafunk_ghost_nasty_kobolds,
          uniq_edmund
D:7:      layout_basic, nicolae_ru_great_annihilating_truth, uniq_maggie
D:8:      layout_rooms, grunt_gozag_breadcrumbs, mainiacjoe_overflow_paths,
          enter_bailey_2, the_hattery
D:9:      layout_gridville, zin_scriptorium, zombieorc1_lemuel, serial_rivers,
          chequers_serial_rivers_room_b, chequers_serial_rivers_large_b,
          chequers_serial_rivers_small_a, chequers_serial_rivers_room_b,
          chequers_serial_rivers_marsh, serial_shops,
          nicolae_shop_tiny_real_fake_doors, uniq_grum
D:10:     layout_basic, mainiacjoe_overflow_tiny_flanked,
          hellmonk_lair_entry_icy, dk_vineyard_1, uniq_urug
D:11:     layout_roguey, dilly_guarded_unrand_devastator, uniq_fannar
D:12:     hangedman_screamer, layout_layer_cave, ebering_ghost_inner_flame,
          fedhas_altar_3, uniq_frances
D:13:     layout_cave_pools, david_vaults_1, grunt_ogre_cave
D:14:     layout_loops_ring, good_gods_mini_temple, nicolae_trove_entry_diagonal
D:15:     gammafunk_enter_depths_forms, layout_loops_ring,
          nzn_wu_jian_contemplation, uniq_louise
Temple:   nicolae_temple_god_jail

Skill      XL: |  1  2  3  4  5  6  7  8  9 10 11 12 13 14 15 |
---------------+----------------------------------------------+-----
Unarmed Combat | 4 5 7 8 10 13 15 18 20 | 20.4
Invocations    | 1 3 5 |  5.0
Fighting       | 4 6 8 10 | 10.3
Dodging        | 5 7 8 |  8.0
Shields        | 2 6 |  6.3
Armour         | 1 |  1.0

Action                     |  1- 3 |  4- 6 |  7- 9 | 10-12 | 13-15 || total
---------------------------+-------+-------+-------+-------+-------++-------
  Melee: Unarmed           |    50 |   104 |   260 |   212 |   749 ||  1375
  Throw: Dart              |       |       |       |     2 |     2 ||     4
         Large rock        |       |       |       |       |     5 ||     5
         Throwing net      |       |       |       |       |     1 ||     1
 Invoke: Heroism           |       |       |     4 |     6 |     6 ||    16
         Finesse           |       |       |       |     1 |     1 ||     2
  Evoke: Wand              |       |       |       |     5 |     2 ||     7
    Use: Potion            |       |       |     2 |     2 |       ||     4
         Scroll            |       |       |     1 |    10 |     6 ||    17
   Stab: Paralysed         |       |       |     1 |       |       ||     1
         Sleeping          |       |       |       |       |     1 ||     1
 Armour: Robe              |    14 |    22 |    33 |       |       ||    69
         Steam dragon scal |       |       |    10 |    44 |   183 ||   237
         Pearl dragon scal |       |       |       |       |    18 ||    18
  Dodge: Dodged            |    22 |    49 |   122 |   145 |   427 ||   765
  Block: Kite shield       |       |       |       |       |   238 ||   238
         Reflection        |       |       |       |       |     4 ||     4
